 Dungeon Crawl Stone Soup version 0.31-a0-859-g9dce7d3444 (webtiles) character file.

Game seed: 1099928493925103612

20028 Maratek the Spear-Bearer (level 12, -13/92 HPs)
             Began as a Demonspawn Fighter on Oct 9, 2023.
             Was an Elder of Qazlal.
             Mangled by a titanic slime creature (102 damage)
             ... on level 12 of the Dungeon.
             The game lasted 00:22:19 (12868 turns).

Maratek the Spear-Bearer (Demonspawn Fighter)      Turns: 12868, Time: 00:22:19

Health: -13/92     AC: 17    Str: 26    XL:     12   Next: 41%
Magic:  12/12      EV: 12    Int: 10    God:    Qazlal [****..]
Gold:   873        SH: 15    Dex: 14    Spells: 11/11 levels left

rFire   + + .        w - +9 trident "Zaicva Kiem" {flame, rF+}
rCold   . . .        c - +0 buckler
rNeg    . . .        a - +0 plate armour {rF+}
rPois   .            (helmet restricted)
rElec   .            g - +0 cloak
rCorr   .            e - +0 pair of gloves
SInv    .            b - +0 pair of boots
Will    .....        A - amulet of reflection Stlth
                     r - +6 ring of strength
HPRegen 0.35/turn    (no ring)
MPRegen 0.13/turn

%: repel missiles, reflection
@: no status effects
A: antennae 1, repulsion field 2, ignite blood 2, powered by death 1
a: Renounce Religion, Upheaval, Elemental Force


You were on level 12 of the Dungeon.
You worshipped Qazlal.
Qazlal was greatly pleased with you.
You visited 2 branches of the dungeon, and saw 13 of its levels.
You also visited: Sewer.

You collected 873 gold pieces.

Inventory:

Hand Weapons
 w - the +9 trident "Zaicva Kiem" (weapon) {flame, rF+}
   (You found it on level 8 of the Dungeon)

   rF+:       It protects you from fire.
Armour
 a - a +0 plate armour of fire resistance (worn)
 b - a +0 pair of boots (worn)
 c - a +0 buckler (worn)
 e - a +0 pair of gloves (worn)
 g - a +0 cloak (worn)
Jewellery
 r - a +6 ring of strength (left hand)
 A - an amulet of reflection (around neck)
Wands
 s - a wand of digging (2)
 v - a wand of quicksilver (25)
 x - a wand of flame (38)
 y - a wand of mindburst (9)
 z - a wand of paralysis (12)
 D - a wand of polymorph (3)
Scrolls
 h - 3 scrolls of fog
 i - 3 scrolls of immolation
 j - a scroll of enchant weapon
 l - 4 scrolls of teleportation
 q - 2 scrolls of fear
 B - a scroll of blinking
Potions
 d - a potion of might
 f - 3 potions of berserk rage
 k - 2 potions of ambrosia
 m - 7 potions of curing
 n - a potion of attraction
 o - a potion of heal wounds {unknown}
 p - 4 potions of brilliance
 t - a potion of haste {unknown}
 u - a potion of magic {unknown}
 C - a potion of invisibility {unknown}
 E - a potion of resistance {unknown}


   Skills:
 + Level 8.0 Fighting
 - Level 9.5(11.6) Axes
 * Level 10.7(12.2) Polearms
 + Level 7.9 Armour
 + Level 4.9 Dodging
 + Level 2.9 Stealth
 + Level 6.4 Shields
 + Level 0.9 Evocations


You had 11 spell levels left.
You didn't know any spells.
Your spell library contained the following spells:

 Spells                   Type           Power      Damage    Failure   Level
 Sandblast                Erth           0%         2d4       99%         1
 Cigotuvi's Dreadful Rot  Necr/Pois/Air  0%         N/A       100%        2
 Ensorcelled Hibernation  Hex/Ice        0%         N/A       100%        2
 Jinxbite                 Hex            0%         N/A       100%        2
 Passwall                 Tmut/Erth      0%         N/A       100%        2
 Hailstorm                Conj/Ice       0%         3d3       100%        3
 Ignite Poison            Fire/Tmut/Pois 0%         N/A       100%        3
 Inner Flame              Hex/Fire       0%         N/A       100%        3
 Stone Arrow              Conj/Erth      0%         3d7       100%        3
 Anguish                  Hex/Necr       0%         N/A       100%        4
 Brom's Barrelling Bould  Conj/Erth      0%         2d3       100%        4
 Flame Wave               Conj/Fire      0%         2d4       100%        4
 Sticky Flame             Conj/Fire      0%         2d3       100%        4
 Summon Ice Beast         Ice/Summ       0%         N/A       100%        4
 Alistair's Intoxication  Tmut/Pois      0%         N/A       100%        5
 Borgnjor's Vile Clutch   Necr/Erth      0%         N/A       100%        5
 Freezing Cloud           Conj/Ice/Air   0%         6-21      100%        5
 Eringya's Noxious Bog    Tmut/Pois      0%         4d6       100%        6
 Simulacrum               Ice/Necr       0%         N/A       100%        6


Dungeon Overview and Level Annotations

Branches:
Dungeon (12/15)            Temple (1/1) D:6            Lair (0/5) D:9
    Orc (0/2) D:12          Sewer (visited)

Altars:
Ashenzari
Cheibriados
Dithmenos
Fedhas
Gozag
Hepliaklqana
Kikubaaqudgha
Makhleb
Nemelex Xobeh
Okawaru
Qazlal
Ru
Sif Muna
Trog
Uskayaw
Vehumet
Wu Jian
Xom
Yredelemnul

Shops:
D:7 !


Innate Abilities, Weirdness & Mutations

You have a pair of small antennae on your head.
You are surrounded by a moderate repulsion field. (EV +3)
Your demonic aura often causes spilled blood to erupt in flames.
You regenerate a little health from kills.


Message History

The very large slime creature misses you.
Two slime creatures merge to form an enormous slime creature.
You puncture the enormous slime creature!
You burn the enormous slime creature!
The enormous slime creature is heavily wounded.
A slime creature comes into view.
You barely miss the enormous slime creature.
The enormous slime creature is heavily wounded.
You block the enormous slime creature's attack.
Two slime creatures merge to form a titanic slime creature.
You hit the titanic slime creature. You burn the titanic slime creature.
The titanic slime creature is heavily wounded.
You hit the titanic slime creature but do no damage.
The titanic slime creature is heavily wounded.
You hit the titanic slime creature. You burn the titanic slime creature.
The titanic slime creature is heavily wounded.
You block the titanic slime creature's attack.
You puncture the titanic slime creature!
You burn the titanic slime creature.
The titanic slime creature is heavily wounded.
You impale the titanic slime creature!! You burn the titanic slime creature.
The titanic slime creature is heavily wounded.
You block the titanic slime creature's attack.
You puncture the titanic slime creature!
You burn the titanic slime creature.
The titanic slime creature is severely wounded.
The titanic slime creature closely misses you.
You puncture the titanic slime creature!
You burn the titanic slime creature.
The titanic slime creature is severely wounded.
You puncture the titanic slime creature!
You burn the titanic slime creature.
The titanic slime creature is severely wounded.
You block the titanic slime creature's attack.
You puncture the titanic slime creature!
You burn the titanic slime creature.
The titanic slime creature is severely wounded.
The titanic slime creature hits you!!!!
Ouch! That really hurt!
You die...

#####.....##....
##.#+#.##...>
#....#.##....
#....#.## #........
####...##....#.#
#............#.#
######○........>..#.#
#..J@'§..........##.#
##.###...........##.#
#, #...........##.#
#...........##.#
#...........##.#
#....(......##.#
#...........##.#
#............#..
...........)..


You could see a titanic slime creature.

Vanquished Creatures
  A hydra (D:10)
  Erolcha (D:12)
  3 centaur warriors
  2 two-headed ogres
  Urug (D:12)
  3 ugly things
  A cyclops (D:11)
  Maurice (D:10)
  A gargoyle (D:12)
  2 unseen horrors (D:11)
  An efreet (D:12)
  3 trolls
  A hornet (D:9)
  A slime creature (D:12)
  A centaur simulacrum (D:10)
  A water elemental (D:12)
  16 yaks
  6 shadows
  2 wyverns
  3 wraiths
  A basilisk (D:10)
  5 vampire mosquitoes
  Menkaure (D:7)
  2 steam dragons
  An acid dragon (D:8)
  9 orc warriors
  2 black bears
  An ice beast (D:3)
  9 centaurs
  3 sky beasts
  A phantom (D:4)
  14 kobold brigands
  5 bullfrogs
  3 scorpions
  3 gnoll sergeants
  4 wights (D:10)
  8 killer bees
  5 howler monkeys
  2 electric eels (D:12)
  3 hounds
  2 jellies
  10 orc priests
  A gnoll bouda (D:5)
  3 sleepcaps
  Jessica (D:2)
  7 iguanas
  Terence (D:2)
  6 orc wizards
  Robin (D:2)
  9 gnolls
  8 adders
  3 river rats (Sewer)
  A shadow imp (D:6)
  A white imp (D:7)
  4 worms
  2 dart slugs
  32 orcs
  11 endoplasms
  4 giant cockroaches
  14 goblins
  6 hobgoblins (D:2)
  7 jackals
  3 quokkas
  11 ball pythons
  2 bats (D:3)
  2 frilled lizards (D:1)
  39 kobolds
  8 rats
332 creatures vanquished.

Vanquished Creatures (others)
  A human (D:6)
1 creature vanquished.

Grand Total: 333 creatures vanquished

Notes
Turn   | Place    | Note
-------+----------+-------------------------------------------
     0 | D:1      | Maratek the Demonspawn Fighter began the quest for the Orb.
     0 | D:1      | Reached XP level 1. HP: 18/18 MP: 1/1
   342 | D:1      | Gained mutation: You are surrounded by a mild repulsion
                  | field. (EV +2) [demonic ancestry]
   342 | D:1      | Reached XP level 2. HP: 19/24 MP: 2/2
   662 | D:2      | Noticed Jessica
   667 | D:2      | Killed Jessica
   668 | D:2      | Reached XP level 3. HP: 16/29 MP: 3/3
   940 | D:2      | Noticed Terence
   941 | D:2      | Found an opulent altar of Gozag.
   948 | D:2      | Killed Terence
   949 | D:2      | Reached XP level 4. HP: 20/35 MP: 4/4
  1126 | D:2      | Noticed Robin
  1136 | D:2      | Killed Robin
  1518 | D:3      | Noticed an ice beast
  1532 | D:3      | Killed an ice beast
  1533 | D:3      | Reached XP level 5. HP: 25/41 MP: 5/5
  1774 | D:3      | Reached skill level 1 in Dodging
  2083 | D:3      | Gained mutation: Your demonic aura sometimes causes spilled
                  | blood to erupt in flames. [demonic ancestry]
  2083 | D:3      | Reached XP level 6. HP: 47/47 MP: 6/6
  2501 | D:4      | Reached skill level 1 in Stealth
  2754 | D:4      | Found a glowing drain.
  2768 | Sewer    | Entered a sewer
  3193 | Sewer    | Reached XP level 7. HP: 45/53 MP: 7/7
  3251 | Sewer    | Reached skill level 5 in Axes
  4194 | D:4      | Reached XP level 8. HP: 54/60 MP: 8/8
  4444 | D:5      | Entered Level 5 of the Dungeon
  5248 | D:6      | Identified the +5 short sword of the Dancing Hero
                  | {antimagic, *Slow rElec Str+3 Stlth+}
  5447 | D:6      | Reached skill level 5 in Fighting
  5617 | D:6      | Reached skill level 5 in Armour
  5673 | D:6      | Found an ancient bone altar of Kikubaaqudgha.
  6024 | D:6      | Found a staircase to the Ecumenical Temple.
  6033 | Temple   | Entered the Ecumenical Temple
  6286 | D:7      | Noticed Menkaure
  6294 | D:7      | Killed Menkaure
  6295 | D:7      | Gained mutation: You have a pair of small antennae on your
                  | head. [demonic ancestry]
  6295 | D:7      | Reached XP level 9. HP: 57/68 MP: 9/9
  6790 | D:7      | Found Nidy's Distillery.
  7125 | D:7      | Found an iron altar of Okawaru.
  7128 | D:7      | Found a shadowy altar of Dithmenos.
  7489 | D:8      | Found a stormy altar of Qazlal.
  7541 | D:8      | Became a worshipper of Qazlal Stormbringer
  7690 | D:8      | Noticed a centaur warrior
  7694 | D:8      | Noticed a centaur warrior
  7907 | D:8      | Killed a centaur warrior
  7908 | D:8      | Gained mutation: Your demonic aura often causes spilled
                  | blood to erupt in flames. [demonic ancestry]
  7908 | D:8      | Reached XP level 10. HP: 45/76 MP: 10/10
  8050 | D:8      | Identified the +9 trident "Zaicva Kiem" {flame, rF+}
  8385 | D:9      | Reached * piety under Qazlal
  8724 | D:9      | Reached skill level 1 in Polearms
  8875 | D:9      | Reached skill level 2 in Polearms
  8994 | D:9      | Reached skill level 3 in Polearms
  9088 | D:9      | Reached skill level 4 in Polearms
  9284 | D:9      | Reached skill level 5 in Polearms
  9382 | D:9      | Found a staircase to the Lair.
  9797 | D:10     | Entered Level 10 of the Dungeon
  9833 | D:10     | Noticed Maurice
  9834 | D:10     | Noticed a centaur warrior
  9841 | D:10     | Killed Maurice
  9842 | D:10     | Reached skill level 6 in Polearms
  9844 | D:10     | Killed a centaur warrior
  9845 | D:10     | Gained mutation: You regenerate a little health from kills.
                  | [demonic ancestry]
  9845 | D:10     | Reached XP level 11. HP: 60/83 MP: 11/11
 10098 | D:10     | Reached ** piety under Qazlal
 10367 | D:10     | Reached skill level 7 in Polearms
 10507 | D:10     | Noticed a white ugly thing
 10512 | D:10     | Noticed an eight-headed hydra
 10513 | D:10     | Killed a white ugly thing
 10514 | D:10     | Reached skill level 5 in Shields
 10525 | D:10     | Killed an eight-headed hydra
 10542 | D:10     | Reached skill level 8 in Polearms
 11196 | D:11     | Noticed a two-headed ogre
 11202 | D:11     | Killed a two-headed ogre
 11237 | D:11     | Reached *** piety under Qazlal
 11464 | D:11     | Found a gate leading to a gauntlet.
 11628 | D:11     | Reached skill level 9 in Polearms
 11898 | D:12     | Noticed Erolcha
 11899 | D:12     | Noticed a white ugly thing
 11907 | D:12     | Killed a white ugly thing
 11912 | D:12     | Killed Erolcha
 11913 | D:12     | Gained mutation: You are surrounded by a moderate repulsion
                  | field. (EV +3) [demonic ancestry]
 11913 | D:12     | Reached XP level 12. HP: 88/92 MP: 12/12
 12098 | D:12     | Noticed a two-headed ogre
 12106 | D:12     | Killed a two-headed ogre
 12107 | D:12     | Reached skill level 10 in Polearms
 12315 | D:12     | Reached **** piety under Qazlal
 12317 | D:12     | Found a staircase to the Orcish Mines.
 12520 | D:12     | Noticed a centaur warrior
 12523 | D:12     | Killed a centaur warrior
 12789 | D:12     | Noticed Urug
 12797 | D:12     | Killed Urug
 12868 | D:12     | Mangled by a titanic slime creature

Illustrated notes

Levels and vault maps discovered:
D:1:      matt_arrival_spirals, layout_rooms, st_stairs_7
D:2:      layout_basic, basic_altar, minmay_misc_feat_diagonals, uniq_robin,
          uniq_terence, uniq_jessica
D:3:      layout_basic
D:4:      layout_loops_corners, cheibrodos_sewer_entry_bend,
          nicolae_eternal_life, chequers_serial_rivers_micro_d
D:5:      layout_loops_ring
D:6:      layout_loops_cross, tgw_kikubaaqudgha, minmay_temple_entry_junction,
          minmay_strange_pillars
D:7:      layout_basic, mainiacjoe_overflow_alcove_3, serial_shops,
          kennysheep_mini_moat, enter_bailey_2, chequers_serial_rivers_small_3,
          lightli_minifort, uniq_menkaure
D:8:      minmay_slanted_spiral_squares, layout_basic, old_standard_altar,
          uniq_grum
D:9:      wad_river_or_something, layout_irregular_city, dpeg_oklobed_lair
D:10:     cheibrodos_helix_gallery, layout_loops_corners, nicolae_doodle_vault,
          uniq_maurice
D:11:     layout_big_octagon, gauntlet_entry_generic, kennysheep_cluttered_room
D:12:     layout_basic, erik_orc_2, uniq_erolcha, uniq_urug
Temple:   nicolae_temple_elliptical

Skill      XL: |  1  2  3  4  5  6  7  8  9 10 11 12 |
---------------+-------------------------------------+-----
Armour         | 3 4 5 6 7 |  7.9
Axes           | 2 3 4 6 7 9 |  9.5
Shields        | 3 4 6 |  6.4
Dodging        | 1 2 3 4 |  4.9
Stealth        | 1 2 |  2.9
Fighting       | 4 5 6 7 8 |  8.0
Polearms       | 6 9 10 | 10.7
Evocations     | |  0.9

Action                     |  1- 3 |  4- 6 |  7- 9 | 10-12 || total
---------------------------+-------+-------+-------+-------++-------
  Melee: War axe           |    67 |   199 |   418 |     7 ||   691
         Trident           |       |       |       |   395 ||   395
  Evoke: Wand              |       |       |       |     6 ||     6
    Use: Scroll            |       |     6 |    10 |     5 ||    21
         Potion            |       |       |       |     1 ||     1
   Stab: Sleeping          |       |       |     4 |       ||     4
 Armour: Scale mail        |    26 |       |       |       ||    26
         Ring mail         |    17 |   131 |   270 |    29 ||   447
         Plate armour      |       |       |       |   183 ||   183
  Dodge: Dodged            |    46 |   104 |   264 |   114 ||   528
         Repelled          |       |       |       |     1 ||     1
  Block: Buckler           |    15 |    40 |    77 |   144 ||   276
         Reflection        |       |       |       |    10 ||    10

Table legend: (Time is in decaauts)
 A = Elapsed time spent in this place.
 B = Non-inter-level travel time spent in this place.
 C = Inter-level travel time spent in this place.
 D = Time resting spent in this place.
 E = Time spent auto-exploring this place.
 F = Levels seen in this place.
 G = Mean time per level.
                   A        B        C        D        E       F      G
               +--------+--------+--------+--------+--------+-----+--------+
         Total |  13149 |  12576 |    573 |   1043 |   9234 |  14 |  939.2 |
       Dungeon |  11821 |  11358 |    463 |    853 |   8549 |  12 |  985.1 |
        Temple |    112 |      2 |    110 |      0 |      0 |   1 |  112.0 |
         Sewer |   1215 |   1215 |      0 |    190 |    684 |   1 | 1215.0 |
               +--------+--------+--------+--------+--------+-----+--------+

Top non-repeatable levels by time:
     D:9: 1419 daAuts
    D:10: 1353 daAuts
   Sewer: 1215 daAuts
     D:7: 1189 daAuts
     D:3: 1135 daAuts
     D:8: 1044 daAuts
     D:4: 1004 daAuts
    D:12: 951 daAuts
     D:6: 820 daAuts
     D:5: 805 daAuts
     D:2: 711 daAuts
    D:11: 709 daAuts
     D:1: 675 daAuts
  Temple: 112 daAuts
